 Dungeon Crawl Stone Soup version 0.18-b1-16-g289874d (webtiles) character file.

137773 dobroeutro the Warrior (level 17, 0/113 HPs)
             Began as a Gargoyle Fighter on May 1, 2016.
             Was the Champion of Okawaru.
             Slain by a wolf spider (15 damage)
             ... on level 3 of the Spider Nest.
             The game lasted 01:23:03 (29618 turns).

dobroeutro the Warrior (Gargoyle Fighter)          Turns: 29618, Time: 01:23:04

Health: 0/113      AC: 48    Str: 22    XL:     17   Next: 24%
Magic:  18/20      EV: 19    Int: 10    God:    Okawaru [******]
Gold:   2470       SH:  0    Dex: 13    Spells: 0 memorised, 16 levels left

rFire  + + .     SeeInvis .     Y - +6 flail of the Original Sin {elec, +Fly rPois rF++}
rCold  + + .     Gourm    +     u - +10 plate armour "Ojeirphus" {rPois rC+}
rNeg   + . .     Faith    .     c - +1 shield
rPois  ∞         Spirit   .     (no helmet)
rElec  +         Dismiss  .     U - +0 cloak
rCorr  .         Reflect  .     g - +0 pair of gloves
SustAt .         Harm     .     e - +1 pair of boots {Fly}
MR     ++...     Rnd*Rage +     b - amulet of the gourmand
Stlth  ..........               r - +4 ring of evasion
                                O - ring of protection from magic

@: confused, heroism, flying, very resistant to hostile enchantments, extremely
unstealthy
A: big wings, camouflage 1, agile 1, berserk 1, blurry vision 1, cold resistance
1, dopey 1, negative energy resistance 1, electricity resistance, unbreathing,
petrification resistance, rot immunity, MP-powered wands, sturdy frame 1, AC +12
a: Stop Flying, Heroism, Finesse, Renounce Religion


You were on level 3 of the Spider Nest.
You worshipped Okawaru.
Okawaru was exalted by your worship.
You were not hungry.

You visited 5 branches of the dungeon, and saw 30 of its levels.
You also visited: Labyrinth, Sewer, Ossuary and Ice Cave.

You collected 3549 gold pieces.
You spent 1079 gold pieces at shops.

Inventory:

Hand Weapons
 W - the +7 flail of the Heavens {drain, rElec rN+ Dex+3}
   (You bought it in a shop on level 2 of the Orcish Mines)

   A truly terrible weapon, it drains the life of those it strikes.
   It affects your dexterity (+3).
   It insulates you from electricity.
   It protects you from negative energy.
 Y - the +6 flail of the Original Sin (weapon) {elec, +Fly rPois rF++}
   (You found it on level 6 of the Lair of Beasts)

   Occasionally, upon striking a foe, it will discharge some electrical energy
   and cause terrible harm.
   It greatly protects you from fire.
   It protects you from poison.
   It lets you fly.
Armour
 c - a +1 shield (worn)
 e - a +1 pair of boots of flying (worn)
 g - a +0 pair of gloves (worn)
 h - a +1 crystal plate armour of cold resistance
 u - the +10 plate armour "Ojeirphus" (worn) {rPois rC+}
   (You bought it in a shop on level 14 of the Dungeon)

   It protects you from cold.
   It protects you from poison.
 U - a +0 cloak (worn)
Jewellery
 b - an amulet of the gourmand (around neck)
 d - an uncursed ring of protection from cold
 o - an uncursed ring of protection from cold
 r - a +4 ring of evasion (right hand)
 t - an uncursed ring of see invisible
 I - an uncursed ring of resist corrosion
 O - a ring of protection from magic (left hand)
 Z - a +5 ring of strength
Wands
 l - a wand of paralysis (9/24)
 D - a wand of disintegration (4/24)
 M - a wand of teleportation (1/9)
 N - a wand of digging (24/24)
Scrolls
 a - a scroll of summoning
 j - 12 scrolls of remove curse
 m - a scroll of holy word
 s - 2 scrolls of blinking
 x - a scroll of enchant armour
 A - 2 scrolls of fear
 B - 5 scrolls of teleportation
 C - 3 scrolls of magic mapping
 E - 4 scrolls of enchant weapon
 G - 4 scrolls of fog
 J - 3 scrolls of recharging
 R - 18 scrolls of identify
Potions
 i - a potion of invisibility
 n - 14 potions of curing
 p - 7 potions of heal wounds
 v - 6 potions of agility
 z - 2 potions of resistance
 F - 6 potions of haste
 H - a potion of magic
 P - 3 potions of cure mutation
 S - a potion of might
Comestibles
 f - 7 bread rations
 k - 15 meat rations
 K - 27 fruits
 L - 8 beef jerkies
 V - 4 slices of pizza
 X - 3 royal jellies


   Skills:
 + Level 15.1(20.1) Fighting
 + Level 14.0(19.0) Maces & Flails
 + Level 14.9(19.9) Armour
 + Level 10.7(15.7) Dodging
 + Level 15.0(20.0) Shields
 + Level 4.7 Invocations


You had 16 spell levels left.
You didn't know any spells.

Dungeon Overview and Level Annotations

Branches:
Dungeon (15/15)            Temple (1/1) D:6            Lair (8/8) D:9
 Shoals (0/4) Lair:5       Spider (4/4) Lair:4        Slime (0/6) Lair:6
    Orc (2/2) D:11            Elf (0/3) Orc:2        Vaults (0/5) D:13
 Depths (0/5) D:15

Altars:
Ashenzari
Cheibriados
Dithmenos
Elyvilon
Fedhas
Gozag
Kikubaaqudgha
Makhleb
Nemelex Xobeh
Okawaru
Pakellas
Sif Muna
Trog
Vehumet
Yredelemnul
Zin
Beogh
Jiyva

Shops:
D:14 [   D:15 }   Orc:2 :?((

Portals:
Trove: D:11 (give 13 potions of heal wounds)

Annotations:
Lair:6 1 runed door, hannobal's ghost, journeyman NaAr
Orc:2 exclusion: 3 doors


Innate Abilities, Weirdness & Mutations

You are resistant to torment.
Your stone body is resilient (AC +12).
You are immune to poison.
Your large and strong wings let you fly indefinitely.
You resist negative energy.
You are resistant to electric shocks.
You can survive without breathing.
You are immune to petrification.
You are immune to rotting.
Your skin changes colour to match your surroundings (Stealth).
You are agile. (Dex +2)
You tend to lose your temper in combat.
Scrolls take you a little longer to read.
Your flesh is cold resistant.
You are dopey. (Int -2)
You expend magic power (3 MP) to strengthen your wands.
Your movements are slightly less encumbered by armour (ER -2).


Message History

Press: ? - help, Shift-Dir - straight line, f - you The wolf spider resists with significant effort.
Evoking this partially-identified wand wasted a few charges.
The wolf spider barely misses you. The wolf spider closely misses you.
The wolf spider hits you but does no damage.
The wolf spider bites you but does no damage.
The tarantella completely misses you. The redback misses you.
The wolf spider completely misses you. The wolf spider bites you!
* * * LOW HITPOINT WARNING * * *
The wolf spider hits you but does no damage.
The wolf spider bites you but does no damage.
You're too confused to move!
The wolf spider hits you but does no damage.
The wolf spider closely misses you. x2
The wolf spider bites you but does no damage.
The tarantella rages.
The wolf spider completely misses you. The wolf spider barely misses you.
The wolf spider completely misses you. The wolf spider misses you.
You're too confused to move!
The wolf spider hits you!
You die...

..........#..#.......#.#........#
....####...........#...#^###.#.#.
..####........##...^..^.###......
### ##..#^#..#..#..#.#.....#.##.#
# ###...#..................#.....
###.....#.^...#..........#..#....
##....<#..#...#...^#.......#.....
.#......(.#.....#..#>.#...#...?#.
.......#.......#@ss†s...#........
.....†.......#.....#..#..#..>.#.#
..#.........#.#.....^...^....^..#
...#.........##....#...........##
......^#...#####.#####..#....###
..........## ### #..#.....#
...#.......# ### #......#.#
.........### ##.####.?...###
##.#....## ##...###....(.#


You could see a wolf spider (berserk), a tarantella (berserk) and a redback.

Vanquished Creatures
  A ghost moth (Spider:2)
  A spark wasp (Spider:4)
  5 vault guards (D:13)
  A fire dragon (Lair:8)
  Erolcha (D:11)
  An ice dragon (Lair:8)
  5 hydras
  A catoblepas (Lair:5)
  4 centaur warriors
  The ghost of barb4r1an the Fighter, a novice DrBe of Trog (Lair:1)
  An ogre mage (Orc:2)
  Erica (D:10)
  Urug (Lair:1)
  15 death yaks
  An orc high priest (Orc:1)
  A shock serpent (shapeshifter) (D:13)
  An unseen horror (D:15)
  A deep troll (D:14)
  2 lindwurms (Lair:8)
  6 hill giants
  Pikel (D:7)
  A deep elf archer (D:13)
  A wizard (D:13)
  12 orb spiders
  9 ugly things
  2 deep elf magi (D:15)
  3 griffons
  An orc knight (Orc:1)
  23 wolf spiders
  2 oklob plants
  2 manticores
  5 hornets
  3 cyclopes
  A hornet (shapeshifter) (D:15)
  3 elephants (Lair:6)
  9 orc sorcerers (Orc:2)
  2 ice statues (IceCv)
  Maurice (D:9)
  A naga mage (D:15)
  A moth of wrath (Spider:4)
  3 black mambas
  Joseph (Lair:1)
  Psyche (D:9)
  3 gargoyles
  19 spiny frogs
  9 torpor snails
  2 kobold demonologists
  7 rime drakes
  15 komodo dragons
  9 ice devils (IceCv)
  6 demonic crawlers
  A tengu conjurer (D:13)
  8 trolls
  20 jumping spiders
  A polar bear (Lair:7)
  Prince Ribbit (D:5)
  3 two-headed ogres
  7 giant leeches (Lair:8)
  10 slime creatures
  The ghost of Krapule the Sneak, an amateur OpTm (D:5)
  13 blink frogs
  2 boulder beetles
  Sigmund (D:3)
  53 redbacks
  3 shadows
  2 wyverns
  Grum (D:9)
  9 tarantellas
  44 yaks
  4 basilisks (Lair:8)
  9 hippogriffs
  Edmund (D:6)
  2 steam dragons
  5 hungry ghosts
  4 vampire mosquitoes (D:15)
  2 wargs
  2 mottled dragons
  7 porcupines
  18 water moccasins
  The ghost of eragonby the Sneak, an amateur SpEn (D:3)
  20 orc warriors
  2 eyes of draining
  12 ice beasts
  3 sky beasts
  4 wasps
  A slave (D:7)
  2 necrophages
  9 ogres
  4 phantoms
  13 wolves
  7 centaurs
  15 crocodiles
  3 big kobolds
  20 giant frogs
  A wyvern zombie (D:7)
  4 scorpions
  16 killer bees
  14 wights
  A howler monkey (D:5)
  4 electric eels
  5 crimson imps
  3 giant frog zombies
  3 centaur zombies
  3 centaur skeletons
  4 hounds
  2 jellies
  14 orc priests
  A human zombie (D:5)
  33 orc wizards
  23 iguanas
  Natasha (thrice) (D:4)
  13 worker ants
  15 sheep
  A big kobold zombie (Ossuary)
  8 mummies (Ossuary)
  A howler monkey skeleton (D:8)
  13 adders
  10 gnolls
  44 river rats
  3 shadow imps
  11 white imps (IceCv)
  An ooze (D:1)
  4 ufetubi (IceCv)
  An adder skeleton (D:4)
  2 adder zombies
  24 worms
  3 dart slugs
  2 giant geckos
  62 orcs
  5 ball pythons (Sewer)
  12 giant cockroaches
  2 gnoll zombies (Ossuary)
  6 goblins
  13 hobgoblins
  12 jackals
  10 quokkas
  3 bats
  11 giant newts
  28 kobolds
  4 kobold zombies (Ossuary)
  An orc zombie (Ossuary)
  A quokka skeleton (D:6)
  A quokka zombie (D:5)
  11 rats
  A rat zombie (D:5)
  A fungus (Lair:8)
  2 plants (Lair:8)
1035 creatures vanquished.

Vanquished Creatures (others)
  A wolf spider (Spider:4)
  A slave (D:7)
  A basilisk (Lair:8)
  An ice beast (D:7)
  A wasp (Spider:4)
  A giant frog (D:7)
  A wight (D:10)
  An electric eel (D:7)
  3 orc wizards
  An iguana (Lair:8)
  A white imp (IceCv)
  An ufetubus (IceCv)
  A worm (Lair:8)
  A giant cockroach (D:7)
  6 fungi
  13 plants (Lair:8)
35 creatures vanquished.

Grand Total: 1070 creatures vanquished

Notes
Turn   | Place    | Note
--------------------------------------------------------------
     0 | D:1      | dobroeutro the Gargoyle Fighter began the quest for the Orb.
     0 | D:1      | Reached XP level 1. HP: 14/14 MP: 1/1
   138 | D:1      | Reached XP level 2. HP: 17/19 MP: 2/2
   684 | D:2      | Found a faded altar to an unknown god.
   692 | D:2      | Reached XP level 3. HP: 23/23 MP: 3/3
   760 | D:2      | Found a burning altar of Makhleb.
   833 | D:2      | Found an oddly glowing altar of Pakellas.
   840 | D:2      | Reached XP level 4. HP: 26/28 MP: 4/4
  1654 | D:3      | Noticed eragonby's ghost (amateur SpEn)
  1678 | D:3      | Noticed Sigmund
  1939 | D:3      | Reached skill level 5 in Maces & Flails
  1939 | D:3      | Reached XP level 5. HP: 30/32 MP: 5/5
  2037 | D:4      | Found a shattered altar of Ashenzari.
  2167 | D:4      | Noticed Natasha
  2177 | D:4      | Killed Natasha
  2229 | D:4      | Noticed Natasha
  2236 | D:4      | Killed Natasha
  2316 | D:4      | Found a glowing drain.
  2320 | Sewer    | Entered a sewer
  2493 | Sewer    | Noticed a big kobold
  2525 | Sewer    | Killed a big kobold
  2525 | Sewer    | Reached XP level 6. HP: 28/38 MP: 6/6
  2744 | D:4      | Noticed Natasha
  2750 | D:4      | Killed Natasha
  2881 | D:5      | Entered Level 5 of the Dungeon
  2890 | D:5      | Found Yskoet's Food Boutique.
  2926 | D:5      | Noticed Prince Ribbit
  2928 | D:5      | Found a sand-covered staircase.
  2977 | D:5      | Killed Prince Ribbit
  2977 | D:5      | Reached XP level 7. HP: 25/44 MP: 7/7
  3036 | Ossuary  | Entered an ossuary
  3180 | Ossuary  | Reached skill level 5 in Fighting
  3211 | Ossuary  | Reached skill level 5 in Armour
  3419 | D:5      | Reached skill level 5 in Shields
  3467 | D:5      | Reached XP level 8. HP: 49/49 MP: 8/8
  3591 | D:5      | Identified Hinaits's Collected Works on Fiery Lightness
  3648 | D:5      | Noticed Krapule's ghost (amateur OpTm)
  3682 | D:5      | Killed Krapule's ghost
  3961 | D:3      | Killed Sigmund
  3987 | D:3      | Killed eragonby's ghost
  4090 | D:6      | Reached XP level 9. HP: 56/56 MP: 9/9
  4144 | D:6      | Noticed Edmund
  4172 | D:6      | Killed Edmund
  4184 | D:6      | Found a white marble altar of Elyvilon.
  4417 | D:6      | Found a staircase to the Ecumenical Temple.
  4425 | Temple   | Entered the Ecumenical Temple
  4506 | Temple   | Became a worshipper of Warmaster Okawaru
  4705 | D:6      | Found a bloodstained altar of Trog.
  5011 | D:7      | Reached skill level 1 in Dodging
  5100 | D:7      | Noticed Pikel
  5132 | D:7      | Killed Pikel
  5132 | D:7      | Reached * piety under Okawaru
  5151 | D:7      | Reached XP level 10. HP: 64/64 MP: 10/10
  5309 | D:7      | Found a glowing silver altar of Zin.
  5502 | D:7      | Gained mutation: You expend magic power (3 MP) to strengthen your wands. [mutagenic meat]
  5774 | D:8      | Reached ** piety under Okawaru
  6251 | D:8      | Found an oddly glowing altar of Pakellas.
  6251 | D:8      | Found an ancient bone altar of Kikubaaqudgha.
  6442 | D:8      | HP: 3/65 [orc warrior/battleaxe (15)]
  6573 | D:8      | Reached *** piety under Okawaru
  6714 | D:9      | Found a staircase to the Lair.
  7221 | D:9      | Gained mutation: Your mind is acute. (Int +2) [potion of mutation]
  7221 | D:9      | Gained mutation: Your spells are a little easier to cast, but a little less powerful. [potion of mutation]
  7221 | D:9      | Gained mutation: You are partially covered in slimy green scales (AC +2). [potion of mutation]
  7268 | D:9      | Noticed Grum
  7273 | D:9      | Reached XP level 11. HP: 67/71 MP: 11/11
  7287 | D:9      | Killed Grum
  7312 | D:9      | Noticed Maurice
  7329 | D:9      | Killed Maurice
  7329 | D:9      | Reached **** piety under Okawaru
  7347 | D:9      | Noticed Psyche
  7355 | D:9      | Killed Psyche
  7958 | D:10     | Entered Level 10 of the Dungeon
  8035 | D:10     | Noticed Erica
  8062 | D:10     | Killed Erica
  8062 | D:10     | Reached ***** piety under Okawaru
  8279 | D:10     | Noticed a hill giant
  8296 | D:10     | Killed a hill giant
  8597 | D:11     | Noticed a cyan ugly thing
  8626 | D:10     | Killed a cyan ugly thing
  8626 | D:10     | Received a gift from Okawaru
  8626 | D:10     | Reached skill level 10 in Fighting
  8633 | D:10     | Lost mutation: Your mind is acute. (Int +2) [mutagenic meat]
  8736 | D:11     | Found a portal to a secret trove of treasure.
  8788 | D:11     | Noticed a red ugly thing
  8815 | D:11     | Killed a red ugly thing
  9029 | D:11     | Noticed Erolcha
  9044 | D:11     | Killed Erolcha
  9044 | D:11     | Reached skill level 5 in Dodging
  9123 | D:11     | Reached skill level 10 in Shields
  9134 | D:11     | Noticed a red ugly thing
  9135 | D:11     | Found a staircase to the Orcish Mines.
  9145 | D:11     | Killed a red ugly thing
  9145 | D:11     | Received a gift from Okawaru
  9157 | D:11     | Lost mutation: Your spells are a little easier to cast, but a little less powerful. [mutagenic meat]
  9176 | D:11     | Reached XP level 12. HP: 78/78 MP: 12/12
  9544 | D:12     | Gained mutation: You are dopey. (Int -2) [mutagenic meat]
  9545 | D:12     | Gained mutation: Your flesh is cold resistant. [mutagenic meat]
  9546 | D:12     | Lost mutation: You are partially covered in slimy green scales (AC +2). [mutagenic meat]
  9641 | D:12     | Reached skill level 10 in Maces & Flails
 10089 | D:12     | Reached skill level 10 in Armour
 10318 | D:12     | Gained mutation: You tend to lose your temper in combat. [mutagenic meat]
 10319 | D:12     | Gained mutation: You are clumsy. (Dex -2) [mutagenic meat]
 11022 | D:13     | Noticed a centaur warrior
 11040 | D:13     | Killed a centaur warrior
 11065 | D:13     | Reached ****** piety under Okawaru
 11082 | D:13     | Received a gift from Okawaru
 11450 | D:13     | Noticed a vault guard
 12169 | D:13     | Noticed a shock serpent
 12288 | D:13     | Killed a shock serpent
 12292 | D:13     | Gained mutation: Your skin changes colour to match your surroundings (Stealth). [mutagenic meat]
 12293 | D:13     | Gained mutation: Your large and strong wings let you fly indefinitely. [mutagenic meat]
 12342 | D:13     | Noticed a vault guard
 12477 | D:13     | Noticed a vault guard
 12511 | D:13     | Killed a vault guard
 12511 | D:13     | Reached XP level 13. HP: 54/84 MP: 11/13
 12564 | D:13     | Killed a vault guard
 12698 | D:13     | Killed a vault guard
 12953 | D:13     | Found a gate to the Vaults.
 12953 | D:13     | Noticed a vault guard
 12954 | D:13     | Noticed a vault guard
 12963 | D:13     | Killed a vault guard
 12969 | D:13     | Killed a vault guard
 13071 | D:14     | Found Noujul's Antique Armour Shop.
 13253 | D:14     | Bought a smoking plate armour for 756 gold pieces
 13263 | D:14     | Identified the +10 plate armour "Ojeirphus" {rPois rC+} (You bought it in a shop on level 14 of the Dungeon)
 13859 | D:15     | Entered Level 15 of the Dungeon
 13958 | D:15     | Found Mouloeru's Gadget Boutique.
 14092 | D:15     | Found a staircase to the Depths.
 14147 | D:15     | Lost mutation: You are clumsy. (Dex -2) [mutagenic meat]
 14476 | D:15     | Received a gift from Okawaru
 14949 | D:15     | Mutation became permanent: Your large and strong wings let you fly indefinitely. [Gargoyle growth]
 14949 | D:15     | Reached XP level 14. HP: 92/92 MP: 14/14
 15218 | Lair:1   | Entered Level 1 of the Lair of Beasts
 15554 | Lair:1   | Received a gift from Okawaru
 15562 | Lair:1   | Got a crude spear {god gift}
 15563 | Lair:1   | Identified the +9 spear of Lizowul {drain, Dex+6} (Okawaru gifted it to you on level 1 of the Lair of Beasts)
 15652 | Lair:1   | Noticed barb4r1an's ghost (novice DrBe)
 15668 | Lair:1   | Killed barb4r1an's ghost
 15714 | Lair:1   | Noticed Urug
 15734 | Lair:1   | Killed Urug
 15925 | Lair:1   | Noticed Joseph
 15938 | Lair:1   | Killed Joseph
 16270 | Lair:2   | Found a labyrinth entrance.
 16281 | Lab      | Entered a labyrinth
 16615 | Lab      | Identified the Reference Book on Mutagenic Translocation
 16618 | Lab      | Identified Sif Muna's Handbook of Dislocation
 16619 | Lab      | Got a wizard robe
 16630 | Lab      | Identified the +1 robe of Responsibility {Dex+3} (You found it in a labyrinth)
 16659 | Lab      | Found an exit through the horrors of the Abyss.
 16701 | Lair:2   | Found a frozen archway.
 16750 | IceCv    | Entered an ice cave
 17026 | IceCv    | Received a gift from Okawaru
 17633 | Lair:2   | Found a shadowy altar of Dithmenos.
 19021 | Lair:4   | Found a hole to the Spider Nest.
 19081 | Lair:4   | Got a dazzling hand axe
 19082 | Lair:4   | Identified the +2 hand axe of Buptuic {drain, +Rage Str+5 Int-5} (You found it on level 4 of the Lair of Beasts)
 19737 | Lair:5   | Found a staircase to the Shoals.
 20767 | Lair:6   | Found a runed door.
 20768 | Lair:6   | Found a viscous altar of Jiyva.
 20774 | Lair:6   | Found a staircase to the Slime Pits.
 20774 | Lair:6   | Noticed hannobal's ghost (journeyman NaAr)
 20854 | Lair:6   | Reached XP level 15. HP: 95/99 MP: 15/15
 21293 | Lair:6   | Got a warped flail
 21294 | Lair:6   | Identified the +6 flail of the Original Sin {elec, +Fly rPois rF++} (You found it on level 6 of the Lair of Beasts)
 21774 | Lair:7   | Gained mutation: Your movements are slightly less encumbered by armour (ER -2). [potion of mutation]
 21774 | Lair:7   | Gained mutation: You are agile. (Dex +2) [potion of mutation]
 21853 | Lair:7   | Received a gift from Okawaru
 22158 | Lair:7   | Found a shattered altar of Ashenzari.
 22590 | Lair:8   | Entered Level 8 of the Lair of Beasts
 22768 | Lair:8   | Received a gift from Okawaru
 22824 | Lair:8   | Got a transparent hand axe
 22825 | Lair:8   | Identified the +6 hand axe of Petuv {venom, Dex+5} (You found it on level 8 of the Lair of Beasts)
 23588 | Lair:8   | Reached XP level 16. HP: 97/106 MP: 16/16
 23628 | Lair:8   | Found a runed door.
 23735 | Lair:8   | Received a gift from Okawaru
 23745 | Lair:8   | Got a bone greatsling {god gift}
 23746 | Lair:8   | Identified the +11 greatsling of Sulphur {freeze, rF+ rC+} (Okawaru gifted it to you on level 8 of the Lair of Beasts)
 24186 | Lair:8   | Reached skill level 10 in Dodging
 24455 | Orc:1    | Entered Level 1 of the Orcish Mines
 24495 | Orc:1    | Found a roughly hewn altar of Beogh.
 25257 | Orc:2    | Entered Level 2 of the Orcish Mines
 25347 | Orc:2    | Found a staircase to the Elven Halls.
 25596 | Orc:2    | Paralysed by an orc sorcerer for 4 turns
 25653 | Orc:2    | Found Jegeh's Antique Weapon Shop.
 25684 | Orc:2    | Bought a pitted flail for 323 gold pieces
 25684 | Orc:2    | Identified the +7 flail of the Heavens {drain, rElec rN+ Dex+3} (You bought it in a shop on level 2 of the Orcish Mines)
 25901 | Orc:2    | Found an ancient bone altar of Kikubaaqudgha.
 25947 | Orc:2    | Found a radiant altar of Vehumet.
 25960 | Orc:2    | Found Daublyv's Magic Scroll Shop.
 26037 | Orc:2    | Found a roughly hewn altar of Beogh.
 26037 | Orc:2    | Found Ahinekk's Book Shop.
 26041 | Orc:2    | Gained mutation: Scrolls take you a little longer to read. [a neqoxec]
 26058 | Orc:2    | Found Tateg's Antique Weapon Boutique.
 26360 | Orc:1    | Found a bloodstained altar of Trog.
 26662 | Spider:1 | Entered Level 1 of the Spider Nest
 27091 | Spider:1 | Reached skill level 1 in Invocations
 27297 | Spider:2 | Received a gift from Okawaru
 28560 | Spider:4 | Entered Level 4 of the Spider Nest
 28574 | Spider:4 | Reached XP level 17. HP: 84/112 MP: 19/19
 29073 | Spider:4 | Reached skill level 15 in Fighting
 29078 | Spider:4 | Received a gift from Okawaru
 29189 | Spider:4 | Reached skill level 15 in Shields
 29618 | Spider:3 | Slain by a wolf spider

Skill      XL: |  1  2  3  4  5  6  7  8  9 10 11 12 13 14 15 16 17 |
---------------+----------------------------------------------------+-----
Maces & Flails | 3 4 5 6 7 8 9 10 11 12 13 14 | 14.0
Fighting       | 4 5 6 8 9 10 11 12 13 14 15 | 15.1
Armour         | 4 5 6 7 8 9 10 12 13 14 | 14.9
Shields        | 4 5 6 7 9 10 11 12 13 14 15 | 15.0
Dodging        | 1 3 5 6 7 8 9 10 | 10.7
Invocations    | 3 4 |  4.7

Action                   |  1- 3 |  4- 6 |  7- 9 | 10-12 | 13-15 | 16-18 || total
-------------------------+-------+-------+-------+-------+-------+-------++-------
Melee: Flail             |    91 |   341 |   198 |  1242 |  2078 |  1057 ||  5007
       Whip              |       |    33 |   328 |       |       |       ||   361
Invok: Heroism           |       |       |       |    13 |    15 |     6 ||    34
 Abil: Evoke Berserk Rag |       |       |       |     1 |       |       ||     1
Evoke: Wand              |       |       |       |       |       |     1 ||     1
  Use: Scroll            |       |    13 |     5 |     4 |    10 |     3 ||    35
       Potion            |       |     2 |       |     9 |     2 |       ||    13
  Eat: Chunk             |       |     7 |     4 |    37 |    29 |    16 ||    93
       Bread ration      |       |       |     1 |     1 |     5 |     3 ||    10
       Beef jerky        |       |       |       |       |     1 |       ||     1
Armor: Scale mail        |    39 |    13 |       |       |       |       ||    52
       Ring mail         |       |   132 |   134 |   366 |    27 |       ||   659
       Plate armour      |       |       |       |       |   902 |   562 ||  1464
       Chain mail        |       |       |       |       |    32 |       ||    32
Dodge: Dodged            |    26 |   213 |   183 |   561 |   650 |   625 ||  2258
Block: Shield            |    47 |   250 |   204 |   775 |  1372 |   825 ||  3473
